 Dungeon Crawl Stone Soup version 0.28-a0-1114-g8eb0198dcf (webtiles) character file.

Game seed: 7652315303748669730

1361 ChaosChampion the Martial Artist (level 8, -3/51 HPs)
             Began as an Octopode Transmuter on Dec 11, 2021.
             Was a Priest of Wu Jian.
             Succumbed to a water moccasin's poison
             ... on level 7 of the Dungeon.
             The game lasted 00:15:32 (7269 turns).

ChaosChampion the Martial Artist (OpTm)             Turns: 7269, Time: 00:15:33

Health: -3/51      AC:  2    Str:  9    XL:     8   Next: 64%
Magic:  19/22      EV: 20    Int: 18    God:    Wu Jian [***...]
Gold:   289        SH:  0    Dex: 17    Spells: 4/14 levels left

rFire   x . .      SeeInvis .     - Unarmed
rCold   + . .      Faith    .   (shield currently unavailable)
rNeg    + + .      Spirit   .   (helmet currently unavailable)
rPois   .          Reflect  .   (no amulet)
rElec   .          Harm     .   i - ring of poison resistance
rCorr   +          Rampage  .   c - ring of positive energy
Will    .....                   h - ring of magical power
Stlth   ++........              j - ring of positive energy
HPRegen 0.17/turn               k - ring of ice
MPRegen 0.18/turn               q - ring of resist corrosion
                                (no ring)
                                (no ring)

@: lethally poisoned (-3 -> -18), spider-form, invisible
A: venomous fangs, almost no armour, (amphibious), 8 rings, tiny, (camouflage
1), (gelatinous body 1), (nimble swimmer 1), (tentacles)
a: End Transformation, Renounce Religion, Wall Jump, Serpent's Lash


You were on level 7 of the Dungeon.
You worshipped Wu Jian.
Wu Jian was most pleased with you.
You were a venomous arachnid creature.
You visited 1 branch of the dungeon, and saw 7 of its levels.

You collected 289 gold pieces.

Inventory:

Jewellery
 c - a ring of positive energy (right front leg)
 h - a ring of magical power (on tentacle)
 i - a ring of poison resistance (left front leg)
 j - a ring of positive energy (on tentacle)
 k - a ring of ice (on tentacle)
 q - a ring of resist corrosion (on tentacle)
Wands
 n - a wand of acid (10)
 r - a wand of flame (24)
Scrolls
 a - a scroll of blinking
 b - 2 scrolls of teleportation
 s - a scroll of identify
 t - a scroll of summoning {unknown}
Potions
 d - 2 potions of cancellation
 e - a potion of curing {unknown}
 f - a potion of ambrosia {unknown}
 g - 2 potions of berserk rage
 l - a potion of invisibility
 m - a potion of attraction
 o - a potion of magic {unknown}
 p - a potion of heal wounds {unknown}


   Skills:
 + Level 2.9 Fighting
 + Level 3.5 Dodging
 - Level 8.0 Unarmed Combat
 + Level 3.6 Spellcasting
 * Level 5.0 Transmutations


You had 4 spell levels left.
You knew the following spells:

 Your Spells              Type           Power      Damage    Failure   Level
a - Beastly Appendage     Tmut           42%        N/A       8%          1
b - Wereblood             Tmut           21%        N/A       11%         2
c - Spider Form           Tmut/Pois      12%        N/A       34%         3
d - Ice Form              Ice/Tmut       18%        N/A       69%         4

Your spell library contained the following spells:

 Spells                   Type           Power      Damage    Failure   Level
 Ozocubu's Armour         Ice            4%         N/A       65%         3
 Metabolic Englaciation   Hex/Ice        2%         N/A       100%        5
 Simulacrum               Ice/Necr       2%         N/A       100%        6


Dungeon Overview and Level Annotations

Branches:
Dungeon (7/15)             Temple (0/1) D:4

Altars:
Ashenzari
Dithmenos
Elyvilon
Fedhas
Kikubaaqudgha
Trog
Wu Jian
Xom
The Shining One

Shops:
D:2 *   D:5 ?

Annotations:
D:5 1 runed translucent door, bgiannan's ghost, novice HOFi


Innate Abilities, Weirdness & Mutations

You are a venomous arachnid creature.
You have poisonous fangs.
You are tiny and dextrous.
Your spellcasting is less reliable in this form.
Your armour is entirely melded.
You are incapable of wielding weapons or throwing items.
You cannot wear most types of armour.
((You are amphibious.))
You can wear up to eight rings at the same time.
((Your skin changes colour to match your surroundings (Stealth+).))
((Your rubbery body absorbs attacks. (AC +1, EV +1)))
((You are camouflaged near water. (Stealth+)))
((You have tentacles for arms and can constrict up to eight enemies at once.))


Message History

There is a stone staircase leading down here.
You spin and attack the water moccasin.
You closely miss the water moccasin. Your grab misses the water moccasin.
Your squeeze misses the water moccasin. The water moccasin bites you!
You spin and attack the water moccasin repeatedly.
You tentacle-slap the water moccasin but do no damage.
You grab the water moccasin. You squeeze the water moccasin!
The water moccasin is moderately wounded.
You tentacle-slap the water moccasin.
The water moccasin is moderately wounded.
You constrict the water moccasin.
The water moccasin completely misses you.
The water moccasin bites you.
You release your grip on the water moccasin.
You spin and attack the water moccasin repeatedly.
You closely miss the water moccasin. Your grab misses the water moccasin.
The water moccasin is moderately wounded.
You tentacle-slap the water moccasin. Your grab misses the water moccasin.
The water moccasin is heavily wounded.
The water moccasin bites you.
You are poisoned.
The water moccasin poisons you!
You feel very sick. The water moccasin closely misses you.
You feel very sick.
Casting: Wereblood (safe; 3% risk of failure)
Confirm with . or Enter, or press ? or * to list all spells.
You turn into a venomous arachnid creature.
You feel sick. The water moccasin barely misses you.
You closely miss the water moccasin.
The water moccasin is heavily wounded.
You feel sick. The water moccasin bites you!
* * * LOW HITPOINT WARNING * * *
The water moccasin bites you!
* * * LOW HITPOINT WARNING * * *
You are more poisoned.
The water moccasin poisons you!
It was a potion of invisibility.
You fade into invisibility!
You die...

############
##..........##
##............##
#..............#
#..............#
#..............#
#.........>....#
#......sS......#
##............##
##..........## ######
#..####.#####
.....######.#####.#
................#.#
.....#####...........
.....# #......#.###
.....###........# #


You could see a water moccasin.

Vanquished Creatures
  An orc warrior (D:6)
  2 sky beasts (D:5)
  An ogre (D:5)
  A phantom (D:4)
  A bullfrog (D:6)
  2 scorpions (D:5)
  A water moccasin zombie (D:5)
  A howler monkey (D:5)
  A centaur skeleton (D:6)
  2 jellies (D:5)
  4 orc priests
  2 bullfrog skeletons
  2 orc wizards
  A hound skeleton (D:5)
  2 howler monkey zombies (D:5)
  3 gnolls (D:2)
  8 adders
  2 shadow imps
  2 white imps (D:5)
  An adder skeleton (D:5)
  3 dart slugs
  2 worms (D:3)
  16 orcs
  7 ball pythons
  3 bats (D:3)
  9 endoplasms
  A giant cockroach (D:1)
  4 goblins
  7 hobgoblins
  3 iguanas (D:5)
  4 jackals (D:4)
  3 quokkas (D:2)
  6 frilled lizards
  5 kobolds
  2 rats
115 creatures vanquished.

Vanquished Creatures (others)
  7 fungi
  A plant (D:1)
8 creatures vanquished.

Grand Total: 123 creatures vanquished

Notes
Turn   | Place    | Note
-------+----------+-------------------------------------------
     0 | D:1      | ChaosChampion the Octopode Transmuter began the quest for
                  | the Orb.
     0 | D:1      | Reached XP level 1. HP: 13/13 MP: 3/3
   119 | D:1      | Found a faded altar of an unknown god.
   151 | D:1      | Prayed at the altar of an unknown god.
   151 | D:1      | Became a worshipper of the Wu Jian Council
   151 | D:1      | Reached * piety under Wu Jian
   491 | D:1      | Reached XP level 2. HP: 18/18 MP: 3/5
   494 | D:1      | Learned a level 2 spell: Wereblood
   759 | D:2      | Reached skill level 4 in Unarmed Combat
   793 | D:2      | Reached XP level 3. HP: 15/23 MP: 2/6
   849 | D:2      | Found a shimmering altar of Xom.
   879 | D:2      | Reached XP level 4. HP: 18/28 MP: 2/7
   884 | D:2      | Reached skill level 5 in Unarmed Combat
  1159 | D:2      | Learned a level 3 spell: Spider Form
  1183 | D:2      | Reached ** piety under Wu Jian
  1314 | D:2      | Found Bennyudgh's Assorted Antiques.
  1812 | D:3      | Reached XP level 5. HP: 33/33 MP: 8/8
  1967 | D:3      | Found a white marble altar of Elyvilon.
  2107 | D:3      | Reached skill level 6 in Unarmed Combat
  2728 | D:4      | Found a staircase to the Ecumenical Temple.
  2848 | D:4      | Reached XP level 6. HP: 38/38 MP: 9/9
  2884 | D:4      | Reached skill level 7 in Unarmed Combat
  3309 | D:4      | Found an ancient bone altar of Kikubaaqudgha.
  3347 | D:5      | Entered Level 5 of the Dungeon
  3428 | D:5      | Found a shimmering altar of Xom.
  3476 | D:5      | Found Seasm's Magic Scroll Boutique.
  3485 | D:5      | Found a runed translucent door.
  3766 | D:5      | Noticed a sky beast
  4121 | D:5      | Reached XP level 7. HP: 31/43 MP: 10/10
  4139 | D:5      | Reached *** piety under Wu Jian
  4496 | D:5      | Reached skill level 8 in Unarmed Combat
  4501 | D:5      | Learned a level 4 spell: Ice Form
  4641 | D:5      | Found a blossoming altar of Fedhas.
  5169 | D:5      | Found a glowing golden altar of the Shining One.
  5354 | D:5      | Reached XP level 8. HP: 41/50 MP: 12/12
  5743 | D:5      | Noticed bgiannan's ghost (novice HOFi)
  6403 | D:6      | Found a bloodstained altar of Trog.
  6509 | D:6      | Found a shadowy altar of Dithmenos.
  6721 | D:6      | Reached skill level 5 in Transmutations
  6915 | D:6      | Noticed a hornet
  7215 | D:7      | Found a broken altar of Ashenzari.
  7268 | D:7      | HP: 1/51 [water moccasin (7)]
  7269 | D:7      | Succumbed to a water moccasin's poison

Illustrated notes

Levels and vault maps discovered:
D:1:      amcnicky_arrival_underground_garden, layout_rooms,
          shapermc_ecumenical_altar_mp_urbaneastern, serial_curves,
          eino_curves_02, eino_curves_02, minmay_stone_trees_small
D:2:      layout_basic, serial_shops, nicolae_diamond_shop, basic_altar,
          minmay_hexomino_p4
D:3:      layout_loops_ring, elyvilon_altar_3
D:4:      layout_rooms, nicolae_kikubaaqudgha_miasma_corner,
          minmay_temple_entry_drinking_statues
D:5:      layout_cave_pools, lemuel_doored_altar, marbit_many_paths,
          dk_xom_monty_hall, ebering_ghost_reflecting_pool, serial_shops, shop
D:6:      layout_cave_pods, mainiacjoe_overflow_catwalk_spiral, serial_park,
          serial_park_square3 [serial_park_minivault_5x5_6], serial_park_tiny_1,
          serial_park_tiny_pond, serial_park_tiny_1, serial_park_square3
          [serial_park_minivault_5x5_3]
D:7:      layout_rooms, ashenzari_altar_1

Skill      XL: |  1  2  3  4  5  6  7  8 |
---------------+-------------------------+-----
Unarmed Combat | 4 5 6 7 8 |  8.0
Transmutations | 3 5 |  5.0
Fighting       | 2 |  2.9
Spellcasting   | 3 |  3.6
Dodging        | 3 |  3.5

Action                   |  1- 3 |  4- 6 |  7- 9 || total
-------------------------+-------+-------+-------++-------
Melee: Unarmed           |    52 |   148 |   125 ||   325
       Constrict         |    16 |    18 |     8 ||    42
       Tentacles         |    11 |    19 |     7 ||    37
       Punch             |     1 |     2 |       ||     3
       Kick              |     6 |    10 |     2 ||    18
 Cast: Beastly Appendage |     7 |    19 |     3 ||    29
       Wereblood         |     5 |    12 |    11 ||    28
       Spider Form       |       |     8 |    14 ||    22
Invok: Lunge             |     8 |    10 |     9 ||    27
       Whirlwind         |     3 |     6 |    48 ||    57
  Use: Scroll            |       |       |     8 ||     8
       Potion            |       |       |     1 ||     1
 Stab: Sleeping          |     3 |     7 |     1 ||    11
Armor: Skin              |     3 |     7 |     3 ||    13
Dodge: Dodged            |    19 |    87 |    76 ||   182

Table legend: (Time is in decaauts)
 A = Elapsed time spent in this place.
 B = Non-inter-level travel time spent in this place.
 C = Inter-level travel time spent in this place.
 D = Time resting spent in this place.
 E = Time spent auto-exploring this place.
 F = Levels seen in this place.
 G = Mean time per level.
                   A        B        C        D        E       F      G
               +--------+--------+--------+--------+--------+-----+--------+
         Total |   7243 |   7220 |     23 |   2437 |   2899 |   7 | 1034.7 |
       Dungeon |   7243 |   7220 |     23 |   2437 |   2899 |   7 | 1034.7 |
               +--------+--------+--------+--------+--------+-----+--------+

Top non-repeatable levels by time:
     D:5: 2529 daAuts
     D:4: 1079 daAuts
     D:3: 995 daAuts
     D:2: 990 daAuts
     D:1: 729 daAuts
     D:6: 582 daAuts
     D:7: 336 daAuts
